 Dungeon Crawl Stone Soup version 0.31.0-9-g3a7656b989 (webtiles) character file.

Game seed: 5729297031850433948

408 qw the Shooter (level 6, 0/33 HPs)
             Began as a Spriggan Hunter on Feb 2, 2024.
             Was an Initiate of Okawaru.
             Slain by Pikel
             ... wielding a +1 whip of flaming
              (4 damage)
             ... on level 5 of the Dungeon.
             The game lasted 00:00:15 (3173 turns).

qw the Shooter (Spriggan Hunter)                    Turns: 3173, Time: 00:00:15

Health: 0/33       AC:  4    Str:  5    XL:     6   Next: 57%
Magic:  7/7        EV: 22    Int: 10    God:    Okawaru [......]
Gold:   249        SH:  0    Dex: 21    Spells: 5/5 levels left

rFire   . . .        a - +0 shortbow
rCold   . . .        (shield currently unavailable)
rNeg    . . .        i - +1 robe {Will+}
rPois   .            b - +1 hat
rElec   .            (no cloak)
rCorr   .            (gloves unavailable)
SInv    +            (boots unavailable)
Will    ++...        j - amulet of faith
Stlth   ++           (no ring)
HPRegen 0.25/turn    (no ring)
MPRegen 0.10/turn

%: faith
@: very quick
A: very small, no large weapons, unfitting armour, see invisible, speed 3,
robust 1, weak 1
a: Renounce Religion


You were on level 5 of the Dungeon.
You worshipped Okawaru.
Okawaru was noncommittal.
You visited 2 branches of the dungeon, and saw 6 of its levels.

You collected 249 gold pieces.


Innate Abilities, Weirdness & Mutations

You are very small and have problems with some larger weapons.
You are too small for most types of armour.
You have supernaturally acute eyesight. (SInv)
You cover ground extremely quickly. (Speed+++)
You are robust. (+10% HP)
You are weak. (Str -2)


   Skills:
 - Level 2.2 Fighting
 + Level 6.3 Ranged Weapons
 - Level 6.3 Dodging
 - Level 1.5 Stealth


You had 5 spell levels left.
You didn't know any spells.
Your spell library was empty.

Inventory:

Hand Weapons
 a - a +0 shortbow (weapon)
Armour
 b - a +1 hat (worn)
 i - a +1 robe of willpower (worn)
Jewellery
 g - an amulet of reflection
 j - an amulet of faith (around neck)
Scrolls
 k - 2 scrolls of teleportation
Potions
 d - a potion of enlightenment
 e - a potion of mutation
 f - a potion of curing
 h - a potion of heal wounds

Dungeon Overview and Level Annotations

Branches:
Dungeon (5/15)             Temple (1/1) D:5

Altars:
Ashenzari
Cheibriados
Elyvilon
Fedhas
Gozag
Hepliaklqana
Kikubaaqudgha
Makhleb
Nemelex Xobeh
Okawaru
Qazlal
Ru
Sif Muna
Trog
Uskayaw
Vehumet
Wu Jian
Xom
Yredelemnul
The Shining One

Annotations:
D:5 Pikel


Message History

You shoot an arrow. The arrow hits Pikel.
Pikel is lightly wounded.
You shoot an arrow. The arrow barely misses Pikel.
Pikel completely misses you.
A lemure comes into view.
Pikel completely misses you.
You shoot an arrow. The arrow barely misses Pikel.
Pikel hits you with a +1 whip of flaming!
Pikel burns you.
You shoot an arrow. The arrow hits Pikel.
Pikel is lightly wounded.
Pikel closely misses you.
You shoot an arrow. The arrow closely misses Pikel.
Pikel hits you but does no damage.
You shoot an arrow. The arrow barely misses Pikel.
Pikel hits you with a +1 whip of flaming.
Pikel burns you.
You shoot an arrow.
The arrow hits Pikel but does no damage.
Pikel is lightly wounded.
Pikel completely misses you.
You shoot an arrow. The arrow closely misses Pikel.
Pikel hits you with a +1 whip of flaming.
Pikel burns you.
You shoot an arrow.
The arrow hits Pikel but does no damage.
Pikel barely misses you.
You shoot an arrow. The arrow hits Pikel!
Pikel is lightly wounded.
Pikel closely misses you.
You shoot an arrow. The arrow hits Pikel.
Pikel is moderately wounded.
Pikel closely misses you.
You shoot an arrow. The arrow barely misses Pikel.
Pikel barely misses you. Pikel completely misses you.
You shoot an arrow. The arrow barely misses Pikel.
Pikel hits you with a +1 whip of flaming!
Pikel burns you.
You die...
Pikel says, "Another soul for the market."

#....>.....#....###.###.#
#..........#....#.'.#>'.+
#....##....#......#.###.#
######....#########.....#
#....# ###+### ##...##
#.....# #.....# #....@#
##...#K5.....
#####5....## .##### ##


You could see Pikel and 2 lemures.

Vanquished Creatures
  A black bear (D:5)
  An ogre (D:4)
  An orc priest (D:4)
  A hound (D:4)
  An iguana (D:4)
  Jessica (D:2)
  An orc wizard (D:4)
  3 adders
  3 dart slugs
  A ribbon worm (D:3)
  2 orcs
  7 endoplasms
  2 giant cockroaches
  10 goblins
  8 hobgoblins
  2 quokkas
  5 ball pythons
  8 bats
  3 frilled lizards
  4 kobolds
  4 rats
69 creatures vanquished.

Notes
Turn   | Place    | Note
-------+----------+-------------------------------------------
     0 | D:1      | qw the Spriggan Hunter began the quest for the Orb.
     0 | D:1      | Reached XP level 1. HP: 10/10 MP: 2/2
     0 | D:1      | 0 ||| qw: Version: 0.3-a-155-g5e7d8dd
     0 | D:1      | 0 ||| qw: Game counter: 2170
     0 | D:1      | 0 ||| qw: Melee chars always use a shield: true
     0 | D:1      | 0 ||| qw: God list: Okawaru
     0 | D:1      | 0 ||| qw: Allow faded altars: false
     0 | D:1      | 0 ||| qw: Do Orc after clearing Dungeon:15 true
     0 | D:1      | 0 ||| qw: Do second Lair branch before Depths: true
     0 | D:1      | 0 ||| qw: Lair rune preference: random
     0 | D:1      | 0 ||| qw: Goals: Normal
     0 | D:1      | 0 ||| PLANNING D:1-11
    16 | D:1      | Reached skill level 3 in Dodging
    82 | D:1      | Reached XP level 2. HP: 14/14 MP: 3/3
   472 | D:1      | 472 ||| UPGRADING to amulet of reflection.
   477 | D:1      | 477 ||| READING scroll labelled MIGOABLU HEJO.
   478 | D:1      | 478 ||| DROPPING scroll of butterflies.
   550 | D:2      | Reached XP level 3. HP: 18/18 MP: 4/4
   867 | D:2      | Noticed Jessica
   870 | D:2      | Killed Jessica
   871 | D:2      | Reached XP level 4. HP: 22/22 MP: 5/5
  1046 | D:2      | 1046 ||| UPGRADING to +1 hat.
  1051 | D:2      | 1051 ||| READING scroll labelled RISIMO TIEDDE.
  1052 | D:2      | 1052 ||| READING scroll labelled YCKIYTTI RULO.
  1053 | D:2      | 1053 ||| DRINKING 2 fizzy inky potions.
  1055 | D:2      | 1055 ||| Stepping ~*~*~tactically~*~*~ (cloud).
  1828 | D:3      | Found a sparkling altar of Nemelex Xobeh.
  2013 | D:3      | 2013 ||| UPGRADING to amulet of faith.
  2023 | D:3      | 2023 ||| READING scroll labelled FEHOPH KUGISHY.
  2023 | D:3      | 2023 ||| IDENTIFYING bubbling sapphire potion
  2024 | D:3      | 2024 ||| READING scroll labelled SASCHU BA YXKO.
  2185 | D:4      | Reached XP level 5. HP: 24/26 MP: 6/6
  2414 | D:4      | Noticed an ogre
  2422 | D:4      | Killed an ogre
  2423 | D:4      | Reached skill level 6 in Ranged Weapons
  2423 | D:4      | Reached XP level 6. HP: 30/30 MP: 7/7
  2894 | D:4      | 2894 ||| UPGRADING to +1 robe of willpower.
  2904 | D:4      | 2904 ||| DROPPING +0 robe.
  2905 | D:4      | 2905 ||| READING scroll of identify.
  2905 | D:4      | 2905 ||| IDENTIFYING glowing coppery potion
  2906 | D:4      | 2906 ||| DRINKING 2 metallic green potions.
  2906 | D:4      | Gained mutation: You are weak. (Str -2) [potion of
                  | mutation]
  2906 | D:4      | Gained mutation: You are robust. (+10% HP) [potion of
                  | mutation]
  2932 | D:5      | Entered Level 5 of the Dungeon
  2941 | D:5      | Reached skill level 6 in Dodging
  3004 | D:5      | Found a staircase to the Ecumenical Temple.
  3005 | D:5      | 3005 ||| PLANNING TEMPLE
  3015 | Temple   | Entered the Ecumenical Temple
  3016 | Temple   | 3016 ||| PLANNING OKAWARU WORSHIP
  3032 | Temple   | Became a worshipper of Warmaster Okawaru
  3033 | Temple   | 3033 ||| PLANNING D:1-11
  3155 | D:5      | Noticed Pikel
  3157 | D:5      | 3157 ||| RETREEEEATING.
  3173 | D:5      | HP: 4/33 [Pikel/+1 whip of flaming (10)]
  3173 | D:5      | Slain by Pikel

Levels and vault maps discovered:
D:1:      roadster_arrival_rocket_small, layout_rooms, minmay_tetromino_s4
D:2:      layout_loops_cross, uniq_jessica
D:3:      cheibrodos_old_hovel, layout_basic, nemelex_dance_club_becter,
          kennysheep_generic_room_8
D:4:      layout_gridville
D:5:      layout_gridville, minmay_temple_entry_glassed_door,
          minmay_misc_feat_pillars, uniq_pikel
Temple:   nicolae_temple_bog_church

Skill      XL: |  1  2  3  4  5  6 |
---------------+-------------------+-----
Dodging        | 3 4 5 6 |  6.3
Ranged Weapons | 5 6 |  6.3
Fighting       | 2 |  2.2
Stealth        | |  1.5

Action                     |  1- 3 |  4- 6 || total
---------------------------+-------+-------++-------
   Fire: Shortbow          |    71 |   139 ||   210
    Use: Scroll            |     1 |     5 ||     6
         Potion            |       |     2 ||     2
 Armour: Robe              |     5 |    21 ||    26
  Dodge: Dodged            |    17 |    59 ||    76
  Block: Other             |       |     2 ||     2

Table legend:
 A = Non-vault XP
 B = Vault XP
 C = Vault XP percentage of total XP
 D = Non-vault monster count
 E = Vault monster count
 F = Vault count percentage of total count
                 A         B        C        D         E       F
            +---------+---------+-------+---------+---------+-------
      Total |     531 |      53 |   9.1 |      61 |       8 |  11.6
            +---------+---------+-------+---------+---------+-------
        D:1 |      33 |       3 |   8.3 |      19 |       2 |   9.5
        D:2 |      31 |      37 |  54.4 |      13 |       1 |   7.1
        D:3 |      39 |      13 |  25.0 |       9 |       5 |  35.7
        D:4 |     300 |       0 |   0.0 |      19 |       0 |   0.0
        D:5 |     128 |       0 |   0.0 |       1 |       0 |   0.0
            +---------+---------+-------+---------+---------+-------
